Map: Ephemeron LE

Players

MaNa

  • Race: Protoss Protoss
  • Spawn Location: 11:00

HeRoMaRinE - Winner!

  • Race: Terran Terran
  • Spawn Location: 5:00

VOD

Have the link to the VOD?

Description

Time

  • Played on: Sept. 6, 2019, 7:06 p.m.
  • Length: 18:55
Show
View Real Time Build Order
Export as new Build Order

MaNa Protoss 

Build Orders: 1 Gate Expand, Oracle Opening, Colossus Rush 

Get SALT Encoding   

  12  0:00  Probe  
  13  0:12  Probe  
  14  0:17  Pylon  
  14  0:24  Probe  
  15  0:32  Probe  
  15  0:38  Gateway  
  15  0:40  Probe  
  17  0:51  Probe, Assimilator  
  18  1:03  Probe  
  19  1:23  Nexus  
  19  1:34  Cybernetics Core  
  19  1:36  Probe  
  20  1:45  Assimilator  
  20  1:48  Probe  
  21  1:54  Pylon  
  21  2:00  Probe  
  22  2:02  Adept  
  22  2:13  Probe  
  25  2:22  Stargate  
  25  2:25  Probe  
  25  2:26  Adept  
  26  2:31  Warp Gate  
  26  2:35  Probe  
  29  2:38  Probe  
  30  2:47  Probe  
  30  2:50  Probe  
  32  2:58  Oracle  
  32  2:59  Probe  
  32  3:00  Adept  
  32  3:03  Probe  
  36  3:11  Probe  
  40  3:15  Pylon, Probe  
  41  3:23  Probe  
  41  3:25  Oracle  
  41  3:26  Assimilator  
  43  3:27  Probe  
  43  3:30  Pylon  
  43  3:35  Probe  
  43  3:39  Probe  
  48  3:47  Probe  
  49  3:49  Gateway  
  49  3:51  Gateway  
  49  3:57  Robotics Facility  
  49  3:59  Probe  
  49  4:02  Probe  
  51  4:06  Assimilator  
  51  4:11  Probe  
  51  4:14  Probe  
  53  4:23  Probe, Sentry  
  56  4:26  Pylon, Probe  
  56  4:30  Forge  
  57  4:35  Probe  
  57  4:38  Probe  
  56  4:45  Observer  
  57  4:46  Robotics Bay  
  57  4:47  Probe  
  57  4:50  Probe  
  59  4:56  Immortal  
  59  4:57  Nexus  
  59  4:58  Protoss Ground Weapons Level 1  
  60  5:00  Probe  
  64  5:09  Probe  
  64  5:12  Pylon  
  65  5:15  Sentry x2  
  69  5:23  Pylon  
  69  5:25  Colossus  
  69  5:32  Shield Battery  
  75  5:38  Probe  
  75  5:39  Stalker  
  78  5:45  Extended Thermal Lance  
  78  5:47  Gateway  
  78  5:50  Gateway  
  78  5:54  Probe x2  
  80  5:59  Phoenix  
  82  6:06  Zealot, Stalker  
  86  6:14  Colossus  
  86  6:16  Probe x2  
  91  6:29  Shield Battery  
  91  6:31  Stalker  
  91  6:32  Stalker  
  95  6:33  Zealot  
  97  6:40  Pylon  
  97  6:41  Pylon  
  97  6:44  Probe x2  
  97  6:45  Observer  
  97  6:50  Observer, Probe  
  97  6:53  Forge  
  97  6:54  Twilight Council  
  98  6:56  Probe  
  98  7:00  Stalker  
  98  7:01  Zealot, Stalker  
  105  7:09  Stalker x2  
  105  7:12  Probe x2  
  111  7:21  Pylon  
  109  7:23  Protoss Ground Armor Level 1, Pylon  
  109  7:25  Probe x2, Charge  
  109  7:26  Probe  
  112  7:34  Zealot, Stalker  
  116  7:39  Colossus  
  116  7:43  Assimilator  
  122  7:45  Assimilator  
  122  7:46  Shield Battery, Zealot  
  122  7:48  Zealot  
  122  7:50  Protoss Ground Weapons Level 2  
  126  8:05  Zealot x3  
  128  8:10  Pylon  
  128  8:12  Pylon  
  132  8:16  Templar Archives  
  130  8:28  Observer  
  130  8:29  Nexus  
  130  8:30  Gateway  
  130  8:31  Gateway  
  130  8:32  Probe  
  130  8:33  Immortal, Psionic Storm, Probe  
  136  8:41  Pylon  
  136  8:50  Zealot x2  
  140  8:57  High Templar x2  
  140  8:58  High Templar  
  140  9:00  Probe x3  
  149  9:05  Immortal  
  149  9:08  Blink  
  149  9:12  Protoss Ground Armor Level 2  
  153  9:21  Zealot x2  
  157  9:25  Pylon x2  
  157  9:26  Pylon  
  156  9:34  Warp Prism  
  156  9:44  Assimilator  
  158  9:45  Probe x2  
  158  9:46  Probe x2  
  158  9:48  Assimilator  
  158  9:49  High Templar  
  158  9:50  High Templar  
  158  9:51  High Templar  
  168  9:57  Probe  
  168  9:58  Probe  
  168  9:59  High Templar  
  172  10:01  Pylon  
  172  10:02  Pylon  
  172  10:05  Gateway  
  172  10:09  Gateway  
  172  10:10  Immortal, Photon Cannon  
  176  10:18  Protoss Ground Weapons Level 3  
  176  10:24  High Templar x2  
  176  10:26  Zealot x3  
  176  10:27  Stalker  
  188  10:39  Immortal  
  184  10:49  Pylon  
  188  10:58  Robotics Facility x2  
  188  11:03  Photon Cannon  
  184  11:06  Pylon  
  184  11:11  Immortal  
  184  11:23  High Templar  
  184  11:24  High Templar x3  
  196  11:27  Archon  
  196  11:28  Archon  
  196  11:31  Nexus  
  186  11:55  Stalker x3  
  186  11:56  Stalker x4  
  186  12:01  Immortal  
  188  12:16  Archon  
  172  12:24  Stalker  
  172  12:25  Zealot x6, Stalker  
  172  12:26  Zealot  
  190  12:34  Colossus  
  190  12:43  Protoss Shields Level 1  
  184  12:44  Colossus  
  196  12:54  Dark Shrine  
  194  13:07  High Templar x3, Protoss Ground Armor Level 3  
  170  13:21  Immortal  
  170  13:24  Zealot x6  
  152  13:30  Immortal  
  142  13:36  Archon  
  116  13:42  Colossus  
  118  13:50  Archon  
  118  13:52  Immortal, Stalker x5  
  118  13:53  Stalker x4  
  128  14:02  Immortal  
  124  14:06  Assimilator  
  121  14:15  High Templar x3  
  121  14:16  Zealot x2, High Templar x2  
  134  14:27  Archon x2  
  134  14:31  Zealot, Sentry  
  138  14:40  Colossus, Nexus  
  138  14:41  Observer  
  144  14:47  High Templar x2  
  144  14:48  High Templar  
  144  14:52  Probe x3  
  153  14:57  High Templar  
  155  15:06  Probe x4  
  159  15:11  Colossus  
  159  15:12  Immortal  
  169  15:32  Disruptor  
  169  15:35  Pylon  
  172  15:47  High Templar x2  
  172  15:49  Pylon  
  176  16:00  Shield Battery  
  176  16:02  Photon Cannon  
  176  16:03  Photon Cannon  
  176  16:04  Disruptor  
  176  16:05  Shield Battery, Disruptor  
  176  16:07  Stalker x5  
  176  16:08  Photon Cannon  
  192  16:14  Zealot x2  
  196  16:25  Disruptor  
  199  16:33  Photon Cannon  
  199  16:35  Shield Battery  
  195  16:54  Archon  
  183  16:56  Zealot x4  
  183  16:57  Zealot x5  
  173  17:01  Archon  
  113  17:16  Archon  
  113  17:17  Zealot x2, Stalker x3  
  113  17:18  Immortal, Zealot x4  
  106  17:23  Immortal x2  
  92  17:38  High Templar x4  
  92  17:39  Zealot, High Templar  
  92  17:40  Zealot x3  
  92  17:42  Archon  
  105  17:48  Archon  
  105  17:50  Immortal  
  100  17:57  Immortal  
  98  18:01  Stalker x4  
  110  18:12  Stalker x3  
  105  18:25  Stalker  
  105  18:26  Stalker x3  
  78  18:35  Stalker x2  
  78  18:41  Zealot x2  
Show
View Real Time Build Order
Export as new Build Order

HeRoMaRinE Terran - Winner!

Build Orders: Reaper Expand 

Get SALT Encoding   

  12  0:00  SCV  
  13  0:13  SCV  
  14  0:17  Supply Depot  
  14  0:25  SCV  
  15  0:39  SCV  
  15  0:41  Barracks  
  16  0:43  Refinery  
  16  0:51  SCV  
  17  1:03  SCV  
  18  1:15  SCV  
  19  1:30  Orbital Command, Reaper  
  20  1:44  Command Center  
  20  1:51  Bunker  
  20  1:55  SCV  
  21  2:01  Marine  
  21  2:07  Supply Depot  
  21  2:08  SCV  
  23  2:17  Factory  
  23  2:24  Barracks Reactor  
  23  2:29  Refinery, SCV  
  24  2:41  SCV  
  25  2:53  SCV  
  25  2:57  Orbital Command  
  26  3:00  Marine x2  
  26  3:01  Widow Mine  
  26  3:04  Starport  
  31  3:05  SCV  
  31  3:17  SCV  
  31  3:18  Marine x2  
  34  3:23  Widow Mine  
  34  3:26  SCV  
  37  3:29  SCV  
  37  3:33  Supply Depot  
  38  3:36  Marine x2  
  38  3:38  SCV  
  38  3:40  Medivac  
  43  3:42  SCV  
  43  3:44  Barracks  
  44  3:50  SCV  
  44  3:54  SCV  
  44  3:55  Marine x2  
  48  3:59  Engineering Bay  
  47  4:03  Factory Tech Lab  
  47  4:05  Barracks, SCV  
  47  4:08  SCV  
  48  4:14  Starport Tech Lab  
  48  4:17  SCV  
  48  4:18  Supply Depot  
  48  4:20  Marine x2  
  48  4:21  SCV  
  52  4:29  SCV  
  52  4:30  Terran Infantry Weapons Level 1  
  53  4:33  SCV  
  49  4:41  SCV, Marine x2  
  52  4:45  Stimpack, SCV, Marine  
  52  4:52  Supply Depot  
  54  4:54  SCV  
  54  4:55  Refinery  
  54  4:57  Combat Shield  
  54  4:58  SCV  
  56  5:00  Marine  
  56  5:01  Marine x2  
  56  5:02  Factory Reactor  
  56  5:06  Starport Reactor  
  56  5:07  SCV, Marine  
  59  5:11  SCV  
  62  5:18  Marine  
  62  5:20  Marine, SCV  
  65  5:23  Supply Depot, Marine, SCV  
  65  5:24  Supply Depot, Marine  
  68  5:36  Marine  
  69  5:44  Marine  
  69  5:45  Widow Mine x2, Marauder x2  
  69  5:46  Medivac x2  
  69  5:47  Supply Depot x2  
  82  5:52  SCV  
  82  5:53  SCV  
  82  5:54  Marine  
  82  5:55  Supply Depot  
  85  6:00  Missile Turret  
  85  6:02  Marine  
  86  6:09  Marauder x2  
  90  6:12  SCV x2, Marine  
  90  6:15  Widow Mine x2  
  90  6:16  Concussive Shells  
  96  6:20  Marine  
  96  6:28  Medivac x2  
  96  6:30  Marauder x2, Marine  
  105  6:38  Refinery, Marine  
  106  6:47  Command Center, Marine  
  106  6:49  SCV x2  
  106  6:51  Marine  
  110  6:59  Barracks  
  110  7:00  Barracks  
  110  7:10  Supply Depot  
  110  7:12  Supply Depot, Terran Infantry Armor Level 1  
  110  7:19  Widow Mine x2, SCV x2, Marine x2  
  117  7:31  SCV  
  117  7:32  Marauder, Medivac x2, SCV  
  117  7:33  Marauder  
  127  7:43  Starport, SCV  
  128  7:44  SCV  
  127  7:53  Marauder  
  127  7:55  Marauder, SCV  
  127  7:56  SCV  
  120  8:00  Marine  
  120  8:05  Barracks Tech Lab, Barracks Reactor, Viking x2  
  117  8:07  SCV  
  117  8:08  Orbital Command, SCV  
  124  8:15  Marauder  
  124  8:16  Marauder  
  124  8:17  Armory  
  124  8:19  Ghost Academy  
  127  8:23  Viking x2  
  127  8:25  SCV x2  
  131  8:29  Refinery  
  131  8:30  Refinery  
  131  8:37  SCV x2  
  131  8:38  SCV  
  134  8:45  Viking x2  
  137  8:49  SCV x2  
  137  8:50  SCV  
  137  8:52  Supply Depot  
  137  8:53  Supply Depot  
  137  8:55  Viking x2  
  144  8:59  Marine x4  
  144  9:01  SCV  
  149  9:06  Terran Infantry Weapons Level 2  
  149  9:09  Marauder  
  149  9:12  Terran Ship Weapons Level 1  
  79  9:17  Viking  
  153  9:20  Viking  
  153  9:22  Supply Depot  
  153  9:26  Command Center  
  153  9:29  Enhanced Shockwaves  
  153  9:31  Marine x2  
  153  9:32  Marine x2  
  160  9:47  Ghost x2, Missile Turret  
  160  9:49  Ghost, Marine x4  
  166  9:53  Missile Turret  
  166  9:56  Engineering Bay  
  166  10:07  Marine x4  
  166  10:10  Supply Depot  
  170  10:16  Ghost x2  
  170  10:20  Ghost  
  175  10:22  Supply Depot  
  175  10:29  Terran Infantry Armor Level 2  
  175  10:32  Barracks x2  
  175  10:33  Barracks  
  172  10:40  Marine x4  
  174  10:44  Ghost  
  174  10:45  Ghost  
  174  10:47  Missile Turret  
  174  10:49  Ghost  
  180  10:52  SCV x3  
  183  10:58  Refinery  
  182  11:04  SCV x2  
  182  11:05  SCV  
  182  11:07  Refinery  
  182  11:11  Planetary Fortress  
  185  11:14  Terran Ship Weapons Level 2  
  185  11:16  SCV  
  185  11:17  Missile Turret  
  186  11:23  Barracks Tech Lab, Marauder x2, Barracks Reactor  
  186  11:24  Barracks Tech Lab, Marauder  
  192  11:35  Terran Infantry Weapons Level 3  
  192  11:37  Marine x2  
  192  11:42  Marauder  
  192  11:45  Marauder  
  191  11:51  Marauder x2, Marine x2  
  191  11:53  Marine  
  193  11:55  Marine x2  
  193  12:00  SCV x2  
  189  12:02  SCV  
  189  12:03  Marine x2  
  189  12:05  Marine  
  186  12:12  SCV  
  186  12:15  SCV x2  
  186  12:18  Marauder x2  
  186  12:21  Marauder  
  186  12:22  Marine x2  
  176  12:24  SCV  
  176  12:25  Medivac x2  
  176  12:26  Marauder x2, Marine x4  
  187  12:39  Marauder x2  
  187  12:40  Marine x2  
  190  12:46  Marine  
  190  12:47  Marine x2  
  190  12:48  Marine  
  189  12:52  Marine  
  189  12:53  Marauder x2  
  194  13:00  Marine x2  
  194  13:04  Marine  
  197  13:09  Marine x2  
  197  13:10  Ghost  
  197  13:11  Ghost  
  197  13:12  Marauder, Marine  
  196  13:14  Marauder  
  196  13:19  Marauder, Marine x2  
  186  13:22  Marine  
  162  13:27  Marine x2  
  162  13:30  Marine  
  162  13:33  Marine  
  138  13:35  Marine  
  138  13:36  Marine  
  138  13:37  Marine  
  138  13:39  Marauder, Marine x2  
  138  13:40  Marauder  
  140  13:42  Orbital Command  
  140  13:45  Marine x2  
  140  13:47  Marine  
  140  13:51  Marauder  
  140  13:54  Marauder, Marine x2  
  143  13:57  Marine  
  143  13:58  Marauder  
  143  14:00  Marine  
  143  14:02  Marauder  
  151  14:12  Marauder  
  151  14:13  Marine x2  
  151  14:14  Marine  
  151  14:15  Marauder  
  158  14:19  Marauder x2  
  158  14:23  Marauder  
  164  14:30  Viking x2  
  164  14:31  Viking x2, Marine  
  162  14:32  Marine  
  162  14:33  Marine  
  162  14:34  Marauder  
  162  14:35  Ghost  
  169  14:45  Ghost  
  169  14:46  Marine  
  169  14:51  Ghost  
  174  14:54  Ghost  
  176  15:00  Viking x3  
  182  15:07  Orbital Command  
  182  15:10  Viking  
  182  15:13  Marauder  
  182  15:14  Marauder  
  185  15:30  Viking x2  
  189  15:35  Viking  
  189  15:40  Viking  
  193  15:45  Marauder x2  
  193  15:49  Supply Depot  
  197  15:53  Missile Turret  
  189  16:01  Ghost x2  
  189  16:02  Marauder, Marine  
  196  16:08  Marine  
  196  16:11  Personal Cloaking  
  197  16:22  Marine  
  198  16:33  Marine x2  
  200  16:41  Liberator  
  200  16:42  Liberator x2  
  188  16:57  Marauder  
  188  17:00  Marauder  
  184  17:03  Marauder  
  184  17:04  Marine x2  
  184  17:07  Marauder, Marine x3  
  184  17:08  Marine x2  
  143  17:18  Marine  
  143  17:21  Marine  
  143  17:22  Marine x2  
  130  17:24  Marine x2  
  130  17:25  Marine x3  
  130  17:26  Marauder  
  130  17:28  Marauder  
  126  17:36  Marauder  
  121  17:39  Marine  
  121  17:40  Marine x2  
  121  17:42  Marine x2  
  121  17:43  Marauder, Marine x2  
  130  17:47  Marauder  
  130  17:50  Marauder  
  134  17:54  Viking x3  
  134  17:57  Marauder, Ghost, Marine  
  145  18:03  Orbital Command  
  145  18:04  Marauder  
  147  18:09  Marauder  
  147  18:11  Marauder  
  149  18:18  Marauder  
  145  18:22  Marine x2  
  145  18:24  Marine x2  
  145  18:25  Marauder, Marine  
  145  18:26  Marauder, Marine  
  139  18:30  Marine  
  139  18:32  Marine  
Tags
 
Add a new tag
Caveats
  • Supply blocks, unpowered buildings, or Contaminate may cause inaccurate times.
  • Supply counts are checked every 10 seconds.